 Dungeon Crawl Stone Soup version 0.28-a0-580-ga2639ab843 (webtiles) character file.

Game seed: 7595101095822913580

1808 jasper the Slasher (level 8, -4/65 HPs)
             Began as a Demonspawn Cinder Acolyte on Oct 3, 2021.
             Was an Initiate of Ignis.
             Slain by a yak (9 damage)
             ... on level 10 of the Dungeon.
             The game lasted 00:03:20 (2261 turns).

jasper the Slasher (Demonspawn Cinder Acolyte)      Turns: 2261, Time: 00:03:20

Health: -4/65      AC:  9    Str: 16    XL:     8   Next: 84%
Magic:  9/9        EV: 14    Int: 17    God:    Ignis [......]
Gold:   187        SH:  0    Dex:  8    Spells: 9/9 levels left

rFire   + . .      SeeInvis .   j - +0 scimitar (drain)
rCold   . . .      Faith    .   (no shield)
rNeg    . . .      Spirit   .   m - +0 scale mail
rPois   .          Reflect  .   e - +0 helmet
rElec   .          Harm     .   (no cloak)
rCorr   .          Rampage  .   (no gloves)
Will    .....                   k - +0 pair of boots
Stlth   ..........              (no amulet)
HPRegen 0.20/turn               i - +4 ring of evasion
MPRegen 0.11/turn               (no ring)

@: no status effects
A: powered by death 1, powered by pain 1, sturdy frame 1
a: Renounce Religion


You were on level 10 of the Dungeon.
You worshipped Ignis.
Ignis was noncommittal.
You visited 1 branch of the dungeon, and saw 10 of its levels.

You collected 187 gold pieces.

Inventory:

Hand Weapons
 a - a +0 falchion of flaming
 g - a +0 scimitar
 j - a +0 scimitar of draining (weapon)
Missiles
 q - 20 stones (quivered)
Armour
 b - a +0 robe
 e - a +0 helmet (worn)
 k - a +0 pair of boots (worn)
 l - +0 steam dragon scales
 m - a +0 scale mail (worn)
Jewellery
 i - a +4 ring of evasion (left hand)
Scrolls
 c - 2 scrolls of fog
 p - a scroll of teleportation
 r - a scroll of enchant weapon
Potions
 d - 2 potions of mutation {unknown}
 f - 2 potions of attraction {unknown}
 h - a potion of berserk rage {unknown}
 n - a potion of degeneration {unknown}
 o - 2 potions of haste {unknown}
 s - a potion of lignification {unknown}


   Skills:
 + Level 6.4 Fighting
 * Level 7.9 Long Blades
 + Level 5.0 Armour
 - Level 1.0 Spellcasting
 - Level 2.6 Fire Magic


You had 9 spell levels left.
You didn't know any spells.
Your spell library contained the following spells:

 Spells                   Type           Power      Damage    Failure   Level
 Scorch                   Fire           18%        2d6       22%         2
 Summon Forest            Summ/Tloc      0%         N/A       100%        5
 Eringya's Noxious Bog    Tmut/Pois      0%         N/A       100%        6
 Summon Hydra             Summ           0%         N/A       100%        7


Dungeon Overview and Level Annotations

Branches:
Dungeon (11/15)
 Temple: D:4-7         Lair: D:8-11         Orc: D:9-12

Altars:
Nemelex Xobeh


Innate Abilities, Weirdness & Mutations

You regenerate a little health from kills.
You sometimes gain a little power by taking damage.
Your movements are slightly less encumbered by armour. (ER -2)


Message History

The yak is moderately wounded.
The yak closely misses you.
You hit the yak. You drain the yak.
The yak is heavily wounded.
The yak misses you.
You closely miss the yak.
The yak is heavily wounded.
The yak gores you!
* * * LOW HITPOINT WARNING * * *
You take 7 damage, and have 11/64 hp.
You hit the yak but do no damage. You drain the yak.
The yak is severely wounded.
The yak closely misses you.
You slash the yak! You drain the yak.
You kill the yak!
Your Armour skill increases to level 5!
You regained 2 hp, and now have 13/65 hp.
You open the door.
There is an open door here.
You feel a little less agile now. The yak gores you.
* * * LOW HITPOINT WARNING * * *
You take 5 damage, and have 18/65 hp.
You slash the yak!
The yak is moderately wounded.
The yak gores you!
* * * LOW HITPOINT WARNING * * *
You take 11 damage, and have 7/65 hp.
You slash the yak! You drain the yak.
The yak is heavily wounded.
The yak gores you.
* * * LOW HITPOINT WARNING * * *
You take 2 damage, and have 5/65 hp.
You closely miss the yak.
The yak is heavily wounded.
The yak barely misses you.
You hit the yak. You drain the yak.
The yak is severely wounded.
The yak gores you!
You die...

#########
#<.†...(#
#.#####.#
+.....#
#.###.###
#.#.#...###
#.#.###.Y.#
#...#...#@#
###.#.#.#.+
#.....#.###
#####'###
###.# #+#
#...# #.#
######.###
#.#
#.....<..#
#.#
#........#
#.#


You could see a yak (drained).

Vanquished Creatures
  Pikel (D:8)
  Maggie (D:8)
  4 yaks (D:10)
  3 centaurs (D:9)
  A lemure (D:8)
  2 kobold brigands (D:9)
  A scorpion (D:6)
  A bullfrog zombie (D:6)
  A hound (D:5)
  A bullfrog skeleton (D:7)
  An orc (D:8)
  An endoplasm (D:2)
  A hobgoblin (D:2)
  3 jackals (D:2)
  10 kobolds (D:9)
  2 quokkas
  A ball python (D:3)
  A bat (D:1)
36 creatures vanquished.

Vanquished Creatures (collateral kills)
  A foxfire (D:8)
1 creature vanquished.

Vanquished Creatures (others)
  132 foxfires
132 creatures vanquished.

Grand Total: 169 creatures vanquished

Notes
Turn   | Place    | Note
-------+----------+-------------------------------------------
     0 | D:1      | jasper the Demonspawn Cinder Acolyte began the quest for
                  | the Orb.
     0 | D:1      | Reached XP level 1. HP: 18/18 MP: 2/2
   299 | D:2      | Reached skill level 3 in Long Blades
   303 | D:2      | Gained mutation: You regenerate a little health from kills.
                  | [demonic ancestry]
   303 | D:2      | Reached XP level 2. HP: 13/24 MP: 3/3
   458 | D:3      | You fall into a shaft and drop 2 floors!
   458 | D:5      | Entered Level 5 of the Dungeon
   502 | D:5      | Reached skill level 1 in Armour
   502 | D:5      | Gained mutation: Your movements are slightly less
                  | encumbered by armour. (ER -2) [demonic ancestry]
   502 | D:5      | Reached XP level 3. HP: 25/29 MP: 4/4
   564 | D:6      | Reached XP level 4. HP: 32/35 MP: 5/5
   572 | D:6      | Found a sparkling altar of Nemelex Xobeh.
   742 | D:6      | Noticed a scorpion
   747 | D:6      | Killed a scorpion
   748 | D:6      | Reached skill level 4 in Long Blades
  1163 | D:7      | Reached XP level 5. HP: 42/42 MP: 6/6
  1193 | D:8      | Noticed Pikel
  1193 | D:8      | Noticed a lemure
  1193 | D:8      | Noticed a lemure
  1194 | D:8      | Noticed a lemure
  1197 | D:8      | Killed a lemure
  1200 | D:8      | Noticed a lemure
  1202 | D:8      | Killed Pikel
  1203 | D:8      | Reached skill level 5 in Long Blades
  1203 | D:8      | Reached XP level 6. HP: 50/50 MP: 7/7
  1203 | D:8      | Reached XP level 7. HP: 55/55 MP: 8/8
  1322 | D:8      | Noticed Maggie
  1329 | D:8      | Killed Maggie
  1330 | D:8      | Reached skill level 5 in Fighting
  1330 | D:8      | Reached skill level 6 in Long Blades
  1518 | D:9      | Gained mutation: You sometimes gain a little power by
                  | taking damage. [demonic ancestry]
  1518 | D:9      | Reached XP level 8. HP: 35/63 MP: 9/9
  1729 | D:9      | Reached skill level 7 in Long Blades
  2003 | D:10     | Entered Level 10 of the Dungeon
  2110 | D:11     | Noticed a two-headed ogre
  2219 | D:10     | Reached skill level 5 in Armour
  2261 | D:10     | Slain by a yak

Illustrated notes

Levels and vault maps discovered:
D:1:      eino_arrival_water_cross, layout_rooms,
          hellmonk_ecumenical_altar_lost_god,
          wander_ebering_terrifying_dragon_lair
D:2:      layout_rooms, kennysheep_generic_room_9
D:3:      layout_loops_cross, bloody_makhleb, mainiacjoe_overflow_boulevard,
          serial_aquarium, aquarium_bridge_square [aquarium_subvault_bridge,
          aquarium_subvault_balcony, aquarium_subvault_bridge,
          aquarium_subvault_bridge], aquarium_bridge_straight
          [aquarium_subvault_bridge, aquarium_subvault_wall,
          aquarium_subvault_bridge, aquarium_subvault_wall],
          aquarium_window_corridor_3, aquarium_window_1, aquarium_window_1,
          aquarium_window_1, aquarium_view_2d, aquarium_pool_side,
          dk_noncrumbling_4
D:5:      layout_loops_ring, nicolae_vehumet_altar_sigil,
          mainiacjoe_overflow_small_starburst, kennysheep_generic_room_10
D:6:      layout_loops_corners, mainiacjoe_overflow_six_doors_small,
          minmay_misc_feat_hallway, abandoned_shop,
          hangedman_abyss_or_decor_slice
D:7:      layout_rooms, minmay_temple_entry_statues_pillars,
          grunt_decor_junction, minmay_ruined_shrine
D:8:      layout_basic, serial_curves, eino_curves_01, eino_curves_04,
          uniq_maggie, uniq_maurice, uniq_pikel
D:9:      layout_basic, st_stairs_13
D:10:     layout_roguey, orc_0_dummy, serial_shops,
          nicolae_shop_overgrown_old_shop
D:11:     layout_roguey, minmay_lair_entry_grove, ebering_ghost_inner_flame,
          serial_shops, nicolae_take_the_stairs, uniq_josephine

Skill      XL: |  1  2  3  4  5  6  7  8 |
---------------+-------------------------+-----
Long Blades    | 3 4 5 6 7 |  7.9
Armour         | 1 2 3 4 5 |  5.0
Fighting       | 4 5 6 |  6.4
Spellcasting   | |  1.0
Fire Magic     | |  2.6

Action                   |  1- 3 |  4- 6 |  7- 9 || total
-------------------------+-------+-------+-------++-------
Melee: Falchion          |    31 |     9 |     6 ||    46
       Scimitar          |       |       |    89 ||    89
Throw: Stone             |       |       |     1 ||     1
Invok: Foxfire Swarm     |     2 |     4 |     5 ||    11
  Use: Scroll            |       |     4 |       ||     4
Armor: Robe              |     9 |     2 |       ||    11
       Scale mail        |       |       |    53 ||    53
Dodge: Dodged            |    18 |     7 |   131 ||   156

Table legend: (Time is in decaauts)
 A = Elapsed time spent in this place.
 B = Non-inter-level travel time spent in this place.
 C = Inter-level travel time spent in this place.
 D = Time resting spent in this place.
 E = Time spent auto-exploring this place.
 F = Levels seen in this place.
 G = Mean time per level.
                   A        B        C        D        E       F      G
               +--------+--------+--------+--------+--------+-----+--------+
         Total |   2268 |   2196 |     72 |    589 |   1080 |  10 |  226.8 |
       Dungeon |   2268 |   2196 |     72 |    589 |   1080 |  10 |  226.8 |
               +--------+--------+--------+--------+--------+-----+--------+

Top non-repeatable levels by time:
     D:6: 577 daAuts
     D:9: 513 daAuts
     D:8: 300 daAuts
    D:10: 257 daAuts
     D:1: 244 daAuts
     D:2: 201 daAuts
     D:5: 91 daAuts
     D:7: 65 daAuts
     D:3: 16 daAuts
    D:11: 1 daAuts
